 Dungeon Crawl Stone Soup version 0.30-a0-777-ga9a30cbeda (webtiles) character file.

Game seed: 4952740729099629474

181 mopl the Cudgeller (level 5, 0/54 HPs)
             Began as an Ogre Gladiator on Feb 13, 2023.
             Slain by Blork the orc
             ... wielding a +0 long sword
              (14 damage)
             ... on level 3 of the Dungeon.
             The game lasted 00:02:46 (2748 turns).

mopl the Cudgeller (Ogre Gladiator)                 Turns: 2748, Time: 00:02:46

Health: 0/54       AC:  3    Str: 18    XL:     5   Next: 61%
Magic:  5/5        EV: 10    Int:  9    God:
Gold:   164        SH:  0    Dex: 12    Spells: 4/4 levels left

rFire   . . .      SeeInvis .    a - +0 flail
rCold   . . .      Faith    .    (no shield)
rNeg    . . .      Spirit   .    b - +0 robe
rPois   .          Reflect  .    c - +0 hat
rElec   .          Harm     .    (no cloak)
rCorr   .          Rampage  .    (gloves unavailable)
Will    .....                    (boots unavailable)
Stlth   +                        (no amulet)
HPRegen 0.29/turn                (no ring)
MPRegen 0.09/turn                (no ring)

@: no status effects
A: large, unfitting armour, tough skin 1
a: no special abilities


You were on level 3 of the Dungeon.
You visited 1 branch of the dungeon, and saw 4 of its levels.

You collected 164 gold pieces.

Inventory:

Hand Weapons
 a - a +0 flail (weapon)
 t - the +7 Spriggan's Knife {stab, EV+4 Stlth+}
   (You found it on level 2 of the Dungeon)

   Stab:      It is more effective when stabbing unaware enemies, sometimes
   treating them as though they were completely helpless.
   EV:        It affects your evasion (+4).
   Stlth:     It makes you more stealthy.
Missiles
 d - 3 throwing nets
 f - 3 boomerangs
 r - 8 poisoned darts (quivered)
Armour
 b - a +0 robe (worn)
 c - a +0 hat (worn)
Wands
 w - a wand of iceblast (10)
Scrolls
 h - 2 scrolls of butterflies {unknown}
 m - 3 scrolls of teleportation {unknown}
 n - 2 scrolls of identify {unknown}
 o - a scroll of fog {unknown}
 q - a scroll of magic mapping {unknown}
 u - 2 scrolls of vulnerability {unknown}
 v - a scroll of immolation {unknown}
 x - a scroll of poison {unknown}
 y - a scroll of acquirement {unknown}
Potions
 e - a potion of ambrosia {unknown}
 g - 5 potions of curing {unknown}
 i - a potion of cancellation {unknown}
 j - a potion of might {unknown}
 k - a potion of magic {unknown}
 l - a potion of degeneration {unknown}
 p - a potion of brilliance {unknown}
 s - a potion of attraction {unknown}


   Skills:
 + Level 3.8 Fighting
 * Level 3.9 Maces & Flails
 + Level 2.8 Throwing
 + Level 1.4 Armour
 + Level 3.3 Dodging


You had 4 spell levels left.
You didn't know any spells.
Your spell library contained the following spells:

 Spells                   Type           Power      Damage    Failure   Level
 Dazzling Flash           Conj/Hex       0%         N/A       77%         3
 Iskenderun's Mystic Bla  Conj/Tloc      0%         2d3       99%         4
 Freezing Cloud           Conj/Ice/Air   0%         6-21      100%        5
 Simulacrum               Ice/Necr       0%         N/A       100%        6
 Starburst                Conj/Fire      0%         6d3       100%        6
 Polar Vortex             Ice            0%         N/A       100%        9


Dungeon Overview and Level Annotations

Branches:
Dungeon (4/15)
 Temple: D:4-7

Altars:

Annotations:
D:3 Blork the orc


Innate Abilities, Weirdness & Mutations

You are too large for most types of armour.
You have tough skin. (AC +1)


Message History

The orc closely misses you.
Blork the orc zaps a wand.
The bolt of dispelling energy hits you!
You climb upwards.
There is a stone staircase leading down here.
You closely miss the orc. The orc barely misses you.
You closely miss the orc. The orc barely misses you.
You sock the orc!
You kill the orc!
No target in view!
No target in view!
e - a smoky yellow potion You now have 164 gold pieces (gained 3).
Things that are here:
a +0 flail; an orc corpse You start resting.
HP restored.
There is a stone staircase leading down here.
You climb downwards.
Level annotation: Blork the orc Blork the orc gestures at you while chanting.
The puff of flame hits you.
The orc hits you with a +2 mace of protection.
There is a stone staircase leading up, spattered with blood here.
Blork the orc barely misses you.
The orc hits you with a +2 mace of protection.
You climb upwards.
There is a stone staircase leading down here.
You hit Blork the orc.
Blork the orc is moderately wounded.
Blork the orc zaps a wand.
The bolt of dispelling energy hits you!
The orc hits you with a +2 mace of protection!
You are too injured to fight recklessly!
You are too injured to fight recklessly!
You closely miss the orc. Blork the orc barely misses you.
The orc hits you with a +2 mace of protection.
* * * LOW HITPOINT WARNING * * *
You barely miss Blork the orc.
Blork the orc is moderately wounded.
Blork the orc hits you with a +0 long sword!
You die...

#.....#########..# ## ###...#
#..######. #...### #......##.
####.###.#######..###....
#.................# #..##
#........#######..###..#
########.##.###.#####.#..##...##
#...............o...............
###.####....###@................
#.# #....# #o#...............
#.# #....# #.###.#...........
#.####.##.###.# #.............
#.##.#........###.#.#..##.#.>#
#.##.#.##.##........#..##.#...
###.##......)...................
#...............######.........#
###.##.#.####...# ##..##.....


You could see Blork the orc and an orc.

Vanquished Creatures
  An ice beast (D:4)
  An adder (D:3)
  An ufetubus (D:3)
  A worm (D:2)
  A dart slug (D:1)
  3 orcs (D:3)
  3 endoplasms
  A giant cockroach (D:3)
  4 goblins
  9 hobgoblins
  6 jackals (D:2)
  3 quokkas
  5 ball pythons
  9 bats
  5 frilled lizards
  3 kobolds
  7 rats
63 creatures vanquished.

Notes
Turn   | Place    | Note
-------+----------+-------------------------------------------
     0 | D:1      | mopl the Ogre Gladiator began the quest for the Orb.
     0 | D:1      | Reached XP level 1. HP: 22/22 MP: 1/1
    88 | D:1      | Reached XP level 2. HP: 29/29 MP: 2/2
   249 | D:1      | Reached skill level 3 in Maces & Flails
   261 | D:1      | Reached skill level 3 in Fighting
   449 | D:1      | Reached XP level 3. HP: 37/37 MP: 3/3
   566 | D:1      | Reached skill level 3 in Dodging
  1180 | D:2      | Found the +7 Spriggan's Knife {stab, EV+4 Stlth+}
  1566 | D:3      | Reached XP level 4. HP: 45/45 MP: 4/4
  1643 | D:3      | Reached skill level 1 in Armour
  2458 | D:4      | Noticed an ice beast
  2476 | D:4      | Killed an ice beast
  2477 | D:4      | Reached XP level 5. HP: 6/54 MP: 5/5
  2667 | D:4      | Noticed Blork the orc
  2748 | D:3      | Slain by Blork the orc

Illustrated notes

Levels and vault maps discovered:
D:1:      eino_arrival_water_star, layout_loops_ring
D:2:      layout_basic, roderic_nine_men_s_morris
D:3:      layout_basic, grunt_decor_one_mirror
D:4:      layout_basic, minmay_temple_entry_waves, uniq_blork_the_orc

Skill      XL: |  1  2  3  4 |
---------------+-------------+-----
Maces & Flails | 3 |  3.9
Fighting       | 3 |  3.8
Dodging        | 3 |  3.3
Armour         | 1 |  1.4
Throwing       | |  2.8

Action                     |  1- 3 |  4- 6 || total
---------------------------+-------+-------++-------
  Melee: Flail             |   129 |    58 ||   187
         Punch             |       |     2 ||     2
  Throw: Boomerang         |       |     2 ||     2
         Large rock        |       |     1 ||     1
   Stab: Sleeping          |     2 |       ||     2
 Armour: Robe              |    43 |    18 ||    61
  Dodge: Dodged            |    78 |    48 ||   126

Table legend: (Time is in decaauts)
 A = Elapsed time spent in this place.
 B = Non-inter-level travel time spent in this place.
 C = Inter-level travel time spent in this place.
 D = Time resting spent in this place.
 E = Time spent auto-exploring this place.
 F = Levels seen in this place.
 G = Mean time per level.
                   A        B        C        D        E       F      G
               +--------+--------+--------+--------+--------+-----+--------+
         Total |   2796 |   2758 |     38 |    307 |   1979 |   4 |  699.0 |
       Dungeon |   2796 |   2758 |     38 |    307 |   1979 |   4 |  699.0 |
               +--------+--------+--------+--------+--------+-----+--------+

Top non-repeatable levels by time:
     D:3: 913 daAuts
     D:2: 770 daAuts
     D:1: 647 daAuts
     D:4: 464 daAuts
